 Dungeon Crawl Stone Soup version 0.27-a0-660-g90476cec82 (webtiles) character file.

Game seed: 5025594859563392957

160 kiwi3s the Chopper (level 5, -3/67 HPs)
             Began as a Minotaur Berserker on Mar 17, 2021.
             Was a Believer of Trog.
             Slain by a hobgoblin (4 damage)
             ... on level 3 of the Dungeon.
             The game lasted 00:02:09 (2639 turns).

kiwi3s the Chopper (Minotaur Berserker)             Turns: 2639, Time: 00:02:10

Health: -3/67      AC: -4    Str: 23    XL:     5   Next: 17%
Magic:  4/4        EV: 12    Int:  4    God:    Trog [**....]
Gold:   236        SH:  0    Dex:  9    Spells: 4/4 levels left

rFire    . . .     SeeInvis .   a - +0 hand axe
rCold    . . .     Faith    .   (no shield)
rNeg     . . .     Spirit   .   b - +0 animal skin
rPois    .         Reflect  .   (helmet restricted)
rElec    .         Harm     .   m - +0 cloak
rCorr    .         Rampage  .   (no gloves)
Will     .....                  (no boots)
Stlth    ..........             (no amulet)
HPRegen  0.21/turn              (no ring)
MPRegen  0.09/turn              (no ring)

@: berserking, corroded, very quick
A: horns 2, retaliatory headbutt
a: Renounce Religion, Berserk, Trog's Hand


You were on level 3 of the Dungeon.
You worshipped Trog.
Trog was pleased with you.
You visited 1 branch of the dungeon, and saw 3 of its levels.

You collected 236 gold pieces.

Inventory:

Hand Weapons
 a - a +0 hand axe (weapon)
Armour
 b - a +0 animal skin (worn)
 m - a +0 cloak (worn)
Jewellery
 o - a +4 ring of protection
Wands
 k - a wand of polymorph (6)
Scrolls
 d - a scroll of magic mapping {unknown}
 g - 2 scrolls of identify {unknown}
 j - a scroll of teleportation {unknown}
 n - a scroll of fear {unknown}
Potions
 c - 3 potions of might {unknown}
 e - 3 potions of curing {unknown}
 f - a potion of magic {unknown}
 h - a potion of invisibility {unknown}
 i - a potion of haste {unknown}
 l - a potion of mutation {unknown}


   Skills:
 - Level 3.6 Fighting
 + Level 7.1 Axes
 - Level 2.4 Armour
 - Level 2.1 Dodging


You had 4 spell levels left.
You didn't know any spells.
Your spell library was empty.

Dungeon Overview and Level Annotations

Branches:
Dungeon (3/15)

Altars:
Kikubaaqudgha

Annotations:
D:3 Ijyb


Innate Abilities, Weirdness & Mutations

You have a pair of horns on your head.
You reflexively headbutt those who attack you in melee.


Message History

You headbutt the bat.
You kill the bat!
Trog accepts your kill.
Unknown command.
No target in view!
Unknown command.
A giant cockroach, a hobgoblin and Ijyb come into view.
Ijyb is wielding a +0 dagger and carrying a wand of acid (7).
Ijyb shouts!
The hobgoblin shouts!
Ijyb moves out of view.
The giant cockroach bites you but does no damage.
Ijyb screams, "No!
No, no, no, no!"
There are monsters nearby!
You closely miss the giant cockroach. You hit the hobgoblin.
The giant cockroach barely misses you. You furiously retaliate!
You headbutt the giant cockroach!
You kill the giant cockroach!
Trog accepts your kill.
There are monsters nearby!
You hit the hobgoblin but do no damage.
The hobgoblin is severely wounded.
Ijyb zaps a wand.
The bolt of acid hits you! The acid corrodes you!
You are splashed with acid!
The hobgoblin hits you.
A rat comes into view.
Unknown command.
You are too injured to fight recklessly!
You are too injured to fight recklessly!
Unknown command.
You are too injured to fight recklessly!
Unknown command.
You are too injured to fight recklessly!
Unknown command.
A red film seems to cover your vision as you go berserk!
You feel yourself moving faster!
You feel mighty!
Ijyb zaps a wand.
The bolt of acid hits you!
* * * LOW HITPOINT WARNING * * *
The acid corrodes you!
You are splashed with acid!
* * * LOW HITPOINT WARNING * * *
The hobgoblin hits you.
You die...

.##.# #..# .##.#
##... #..# .##.#
##...# #..# .##.##
###.$..# #..# #....#
......# #..# ...#..#
#....# #..#
..###..)#
#...#####r# #..# .##
##..# #†.......#
#... ..#
#...)#######@..g....
#.## .##
#.......#g####...
#.# +# ##...##.#.#
#.# ##..##.#.# #.#
## ####..###.#.# #.#
.## ##.#..## #.#.#
#. ..#
#....#####.#.# #.
.## ##)..........#
..###......###.###


You could see Ijyb, a hobgoblin and a rat.

Vanquished Creatures
  Crazy Yiuf (D:2)
  A worker ant (D:3)
  5 adders
  2 dart slugs
  A leopard gecko (D:3)
  4 giant cockroaches
  5 goblins
  10 hobgoblins
  2 jackals (D:1)
  4 kobolds
  3 quokkas (D:2)
  6 bats
  5 frilled lizards
  11 rats
60 creatures vanquished.

Notes
Turn   | Place    | Note
-------+----------+-------------------------------------------
     0 | D:1      | kiwi3s the Minotaur Berserker began the quest for the Orb.
     0 | D:1      | Reached XP level 1. HP: 19/19 MP: 0/0
    35 | D:1      | Reached skill level 4 in Axes
   156 | D:1      | Reached XP level 2. HP: 14/26 MP: 1/1
  1092 | D:2      | Reached skill level 5 in Axes
  1092 | D:2      | Reached XP level 3. HP: 30/31 MP: 2/2
  1288 | D:2      | Found an ancient bone altar of Kikubaaqudgha.
  1426 | D:2      | Reached ** piety under Trog
  1429 | D:2      | Reached skill level 6 in Axes
  1429 | D:2      | Reached XP level 4. HP: 39/39 MP: 3/3
  1701 | D:2      | Found a runed translucent door.
  1702 | D:2      | Noticed Crazy Yiuf
  1711 | D:2      | Killed Crazy Yiuf
  2387 | D:3      | Reached skill level 7 in Axes
  2387 | D:3      | Reached XP level 5. HP: 35/45 MP: 4/4
  2635 | D:3      | Noticed Ijyb
  2639 | D:3      | HP: 1/67 [acid (9)]
  2639 | D:3      | Slain by a hobgoblin

Illustrated notes

Levels and vault maps discovered:
D:1:      ncdulo_halloftheorcs, layout_basic
D:2:      layout_rooms, nicolae_overflow_crystal_walls, hangedman_decor_growths,
          st_stairs_6, wander_ebering_terrifying_dragon_lair,
          uniq_crazy_yiuf_cottage
D:3:      layout_loops_ring, minmay_fractal_squares_gapless_5, uniq_ijyb

Skill      XL: |  1  2  3  4 |
---------------+-------------+-----
Axes           | 4 5 6 7 |  7.1
Fighting       | |  3.6
Armour         | |  2.4
Dodging        | |  2.1

Action                   |  1- 3 |  4- 6 || total
-------------------------+-------+-------++-------
Melee: Hand axe          |    53 |    72 ||   125
       Headbutt          |    11 |    11 ||    22
Invok: Berserk           |       |     3 ||     3
Armor: Animal skin       |    10 |    10 ||    20
Dodge: Dodged            |    42 |    33 ||    75

Table legend: (Time is in decaauts)
 A = Elapsed time spent in this place.
 B = Non-inter-level travel time spent in this place.
 C = Inter-level travel time spent in this place.
 D = Time resting spent in this place.
 E = Time spent auto-exploring this place.
 F = Levels seen in this place.
 G = Mean time per level.
                   A        B        C        D        E       F      G
               +--------+--------+--------+--------+--------+-----+--------+
         Total |   2658 |   2580 |     78 |    387 |   1912 |   3 |  886.0 |
       Dungeon |   2658 |   2580 |     78 |    387 |   1912 |   3 |  886.0 |
               +--------+--------+--------+--------+--------+-----+--------+

Top non-repeatable levels by time:
     D:1: 1088 daAuts
     D:2: 933 daAuts
     D:3: 636 daAuts
